[Event "*** Titled Tuesday Blitz"]
[Site "Chess.com"]
[Date "2020.04.14"]
[Round "5"]
[White "theprosecution1"]
[Black "lestri"]
[Result "1-0"]
[WhiteElo "2810"]
[BlackElo "2551"]
[TimeControl "180+1"]
[EndTime "10:50:30 PDT"]
[Termination "theprosecution1 won by resignation"]

1. e4 d6 2. d4 Nf6 3. Nc3 e5 4. Nf3 Nbd7 5. a4 Be7 6. Bc4 O-O 7. O-O a5 8. Re1 c6 9. Ba2 h6 10. h3 Re8 11. Be3 Bf8 12. Qd2 exd4 13. Bxd4 Ne5 14. Bxe5 dxe5 15. Qxd8 Rxd8 16. Nxe5 Be6 17. Bxe6 fxe6 18.
Red1 Bb4 19. f3 Kf8 20. Kf2 Ke7 21. Ke2 Nh5 22. Nd3 Bd6 23. g4 Nf4+ 24. Nxf4 Bxf4 25. Rxd8 Rxd8 26. Rd1 Rh8 27. Kf2 Be5 28. Rd3 h5 29. g5 Rb8 30. Ke3 b5 31. axb5 cxb5 32. f4 Bd6 33. e5 Bc5+ 34. Kf3 a4 35. Ne4 Bb6 36. Nd6 b4 37. f5 exf5 38. Nxf5+ Ke6 39. Ke4 Bc5 40. Nxg7+ Kf7 41. Nxh5 a3 42. bxa3 bxa3 43.
Kf5 a2 44. Rd7+ Kf8 45. g6 Be7 46. Ra7 1-0

[Event "*** Titled Tuesday Blitz"]
[Site "Chess.com"]
[Date "2020.04.14"]
[Round "5"]
[White "MiroVlasenko"]
[Black "FairChess_on_YouTube"]
[Result "0-1"]
[WhiteElo "2665"]
[BlackElo "2984"]
[TimeControl "180+1"]
[EndTime "10:50:30 PDT"]
[Termination "FairChess_on_YouTube won by resignation"]

1. d4 g6 2. Bg5 Bg7 3. Nf3 c5 4. e3 Qb6 5. Nc3 cxd4 6. exd4 Nc6 7.
Be3 Qa5 8. Bc4 Nf6 9. d5 Nb8 10.
d6 Ne4 11. O-O Nxd6 12. Bb3 Nf5 13. Nd5 Nxe3 14. fxe3 e6 15. Ng5 f5 16. Nf4 Nc6 17. Qf3 Qd8 18. h4 Qf6 19. Qg3 Ne7 20. Rad1 O-O 21. h5 h6 22. Ngxe6 dxe6 23. hxg6 Kh8 24.
Rd6 Qg5 25. Qxg5 hxg5 26. Nxe6 Bxe6 27. Rxe6 Bf6 28. e4 Nxg6 29. Rxf5 Bd4+ 30. Kf1 Nh4 31.
Rxf8+ Rxf8+ 32. Ke2 Nxg2 33. c3 Nf4+ 0-1

[Event "*** Titled Tuesday Blitz"]
[Site "Chess.com"]
[Date "2020.04.14"]
[Round "5"]
[White "tsvet2005"]
[Black "InitiatingASC"]
[Result "1-0"]
[WhiteElo "2681"]
[BlackElo "2441"]
[TimeControl "180+1"]
[EndTime "10:50:30 PDT"]
[Termination "tsvet2005 won by resignation"]

1. d4 d5 2. c4 e6 3. Nc3 c5 4.
cxd5 exd5 5. Nf3 Nc6 6. g3 Nf6 7. Bg2 Be7 8. O-O O-O 9. dxc5 Bxc5 10. Na4 Be7 11. Be3 Ne4 12. Qb3 Na5 13. Qd3 Nc4 14. Rad1 Nxe3 15. Qxe3 Be6 16. Nd4 Bg5 17. Qd3 Qa5 18.
Nxe6 fxe6 19. Bxe4 dxe4 20. Qxe4 Rae8 21. Nc3 Qb6 22.
b3 Rf7 23. h4 Bd8 24. Rd3 Ref8 25. e3 Bc7 26. Ne2 Qa6 27. a4 b5 28. axb5 Qxb5 29. Nd4 Qd5 30. Qxd5 exd5 31. Ne6 Rb8 32. Rxd5 Rxb3 33. Rc1 Rb7 34. h5 Re7 35. Nd4 Rb8 36. Nc6 1-0

[Event "*** Titled Tuesday Blitz"]
[Site "Chess.com"]
[Date "2020.04.14"]
[Round "5"]
[White "XiaoKangZhong"]
[Black "TastyTablet"]
[Result "0-1"]
[WhiteElo "2387"]
[BlackElo "2577"]
[TimeControl "180+1"]
[EndTime "10:50:30 PDT"]
[Termination "TastyTablet won by resignation"]

1. e4 e6 2. d4 d5 3. Nd2 c5 4. Ngf3 cxd4 5. exd5 exd5 6. Nb3 Bb4+ 7. Bd2 Bxd2+ 8.
Qxd2 Nf6 9. Bb5+ Bd7 10. Bxd7+ Nbxd7 11. O-O O-O 12. Nbxd4 Nb6 13. b3 Ne4 14. Qf4 Re8 15.
h4 Qf6 16. Qxf6 Nxf6 17. Rfe1 Re4 18. Kf1 Rc8 19. g3 a6 20. Rad1 g6 21. Ng5 Rxe1+ 22. Kxe1 Kf8 23. Kd2 h6 24. Ngf3 Ne4+ 25. Ke3 Nc3 26. Rd3 Nxa2 27. Ne5 Nb4 28. Rd2 Re8 29. Kf4 Kg7 30. g4 g5+ 31. hxg5 hxg5+ 32. Kf5 Nc8 33. Nxf7 Kxf7 34. Kxg5 Nd6 35. Rd1 Ne4+ 36. Kf4 Nxf2 37. Rf1 Ne4 38. g5 Kg6 39. Kg4 Nxg5 40. c3 Re4+ 41. Kg3 Nd3 42. Rd1 Nf4 43. b4 Nfe6 44. Nxe6 Rxe6 45. Rxd5 Re3+ 46. Kf4 Re4+ 47. Kg3 Rc4 48.
Rd3 Rxc3 49. Rxc3 Ne4+ 50. Kf4 Nxc3 51. Ke5 Na2 52. Kd4 Nxb4 53. Kc5 Nc6 54. Kb6 a5 55. Kb5 Kf6 56. Ka4 Ke6 57. Kb5 Kd6 58. Ka4 Kc5 59. Ka3 b5 60. Kb3 a4+ 61. Ka3 Kc4 62. Ka2 Kc3 63.
Ka3 Kc2 64. Ka2 b4 65. Ka1 Na7 66. Ka2 Kd2 67. Kb2 Kd1 68. Ka2 Kc2 69. Ka1 Nb5 70.
Ka2 b3+ 71. Ka1 b2+ 0-1

[Event "*** Titled Tuesday Blitz"]
[Site "Chess.com"]
[Date "2020.04.14"]
[Round "5"]
[White "Larax"]
[Black "english_player_89"]
[Result "1/2-1/2"]
[WhiteElo "2394"]
[BlackElo "2559"]
[TimeControl "180+1"]
[EndTime "10:50:30 PDT"]
[Termination "Game drawn by repetition"]

1. Nf3 Nf6 2. g3 g6 3. d3 Bg7 4.
e4 d6 5. Bg2 O-O 6. O-O Nc6 7.
Nbd2 e5 8. c3 Re8 9. Re1 Bd7 10.
d4 Qc8 11. a4 Bh3 12. Bh1 h6 13. dxe5 Nxe5 14. Nxe5 dxe5 15. Qc2 Rd8 16. Nc4 Qe6 17. b3 Rd7 18. f3 Rad8 19. Be3 a6 20. a5 h5 21.
Rad1 Kh7 22. Bg2 Bxg2 23. Kxg2 Bh6 24. Bxh6 Kxh6 25. Qc1+ Kg7 26. Rxd7 Rxd7 27. Rd1 Ne8 28. Rxd7 Qxd7 29. Nxe5 Qb5 30. Qf4 f6 31. Nc4 Qxb3 32.
Ne3 Qb2+ 33. Kh3 Qxc3 34. Nd5 Qxa5 35. g4 hxg4+ 36. Qxg4 Qb5 37. Qe6 Qf1+ 38. Kg3 Qe1+ 39. Kh3 Qf1+ 40. Kg3 Qg1+ 41. Kh3 Qf1+ 1/2-1/2

[Event "*** Titled Tuesday Blitz"]
[Site "Chess.com"]
[Date "2020.04.14"]
[Round "5"]
[White "Kaua18"]
[Black "CyberneticLion"]
[Result "0-1"]
[WhiteElo "2256"]
[BlackElo "2488"]
[TimeControl "180+1"]
[EndTime "10:50:30 PDT"]
[Termination "CyberneticLion won on time"]

1. e4 e5 2. Nf3 Nc6 3. d4 exd4 4. Bc4 Bb4+ 5. c3 dxc3 6. O-O d6 7. Qb3 Qe7 8. Nxc3 Bxc3 9. Qxc3 Nf6 10. Re1 O-O 11. Bg5 h6 12. Bh4 Re8 13. Bd5 Bd7 14. b4 a6 15. a4 Rab8 16. b5 axb5 17. axb5 Ne5 18.
Nd4 Nxd5 19. Qg3 Nf6 20. Nf5 Bxf5 21. exf5 Qd8 22. f4 Ned7 23. Rxe8+ Qxe8 24. Re1 Qf8 25. Qc3 Re8 26. Qxc7 Rxe1+ 27. Bxe1 Qe7 28. Qc1 Ng4 29. h3 Qe3+ 30. Qxe3 Nxe3 31. Bb4 d5 32. g4 h5 33. Kf2 d4 34. gxh5 Nxf5 35. Kf3 Nf6 36. Bd2 Nd6 37. b6 Nc4 38. Bc1 d3 39. h6 gxh6 0-1

[Event "*** Titled Tuesday Blitz"]
[Site "Chess.com"]
[Date "2020.04.14"]
[Round "5"]
[White "queen_iryna"]
[Black "FROGGY64"]
[Result "0-1"]
[WhiteElo "2202"]
[BlackElo "2368"]
[TimeControl "180+1"]
[EndTime "10:50:30 PDT"]
[Termination "FROGGY64 won by resignation"]

1. d4 e6 2. Nc3 f5 3. e4 fxe4 4. Nxe4 Nf6 5. Bg5 Be7 6. Bxf6 Bxf6 7. Nf3 Nc6 8. c3 O-O 9. Bd3 d6 10. Qc2 h6 11. h4 e5 12. d5 Ne7 13. c4 Nf5 14. O-O-O Nd4 15. Nxd4 exd4 16. g3 Bg4 17. Rde1 Bf3 18. Rhg1 a6 19. Kb1 Be5 20.
Nd2 Rb8 21. Bf5 d3 22. Qxd3 Qf6 23. Be6+ Kh8 24. Nxf3 Qxf3 25. Qxf3 Rxf3 26. Re2 Rbf8 27.
Rg2 Bd4 28. Bg4 Rxf2 29. Rexf2 Bxf2 30. Bc8 Bxg3 31. Bxb7 Bxh4 32. Bxa6 Bg5 33. b4 Rf1+ 34. Kc2 Ra1 35. Kb3 Bf6 36. c5 Rb1+ 37. Kc4 Be5 38.
Kb5 h5 39. Kc6 dxc5 40. bxc5 Rc1 41. Bc8 Bd6 42. a4 Rxc5+ 43. Kd7 Rxd5 44. Ke6 Ra5 45. Bd7 Kh7 46. Kf7 g5 47. Bf5+ Rxf5+ 0-1

[Event "*** Titled Tuesday Blitz"]
[Site "Chess.com"]
[Date "2020.04.14"]
[Round "5"]
[White "Hangar-18"]
[Black "JakeCarlosBanawa"]
[Result "1-0"]
[WhiteElo "2224"]
[BlackElo "2324"]
[TimeControl "180+1"]
[EndTime "10:50:30 PDT"]
[Termination "Hangar-18 won by resignation"]

1. b3 c5 2. Bb2 b6 3. Nf3 Bb7 4.
d3 Nf6 5. e4 e6 6. Nbd2 d5 7. Qe2 Be7 8. g3 O-O 9. Bg2 Nc6 10. O-O Rc8 11. h3 b5 12. e5 Nd7 13.
c4 bxc4 14. bxc4 Qc7 15. cxd5 exd5 16. e6 Nf6 17. exf7+ Kh8 18. Ng5 Nd8 19. Rfe1 Bd6 20. Bxf6 gxf6 21. Ne6 Nxe6 22. Qxe6 Rxf7 23. Rab1 Ba8 24.
f4 Rg8 25. Nf1 Qd8 26. Qxf7 d4 27. Rb2 Bxg2 28. Rxg2 1-0

[Event "*** Titled Tuesday Blitz"]
[Site "Chess.com"]
[Date "2020.04.14"]
[Round "5"]
[White "MasterKroket"]
[Black "Mourinho_Jose"]
[Result "1-0"]
[WhiteElo "2448"]
[BlackElo "2612"]
[TimeControl "180+1"]
[EndTime "10:50:31 PDT"]
[Termination "MasterKroket won on time"]

1. d4 d5 2. c4 e6 3. Nf3 Nf6 4. Nc3 Be7 5. Bf4 O-O 6. e3 b6 7.
cxd5 Nxd5 8. Nxd5 Qxd5 9. a3 c5 10. Rc1 Bb7 11. Bc4 Qd8 12. O-O Nd7 13. d5 exd5 14.
Bxd5 Bxd5 15. Qxd5 Nf6 16. Qc4 Qc8 17. Rfd1 Qb7 18.
Rd3 Rad8 19. Rcd1 b5 20. Qc2 Rxd3 21. Rxd3 c4 22. Rd1 h6 23. Be5 Ne4 24. Rd4 Nc5 25.
Rg4 f6 26. Qg6 Rf7 27. Bd4 Ne6 28. Qxh6 b4 29. axb4 Qxb4 30. g3 Qb3 31. Qg6 Qd1+ 32. Kg2 Qe2 33. Rh4 Nf8 34. Qh5 1-0

[Event "*** Titled Tuesday Blitz"]
[Site "Chess.com"]
[Date "2020.04.14"]
[Round "5"]
[White "Semetey"]
[Black "ErikRonka"]
[Result "0-1"]
[WhiteElo "2544"]
[BlackElo "2392"]
[TimeControl "180+1"]
[EndTime "10:50:31 PDT"]
[Termination "ErikRonka won by resignation"]

1. d4 d5 2. Nc3 c6 3. Bf4 Qb6 4.
Rb1 g6 5. e3 Bg7 6. h4 Nf6 7.
Be2 h5 8. Nf3 O-O 9. Ne5 Nbd7 10.
g4 Nxe5 11. Bxe5 Nxg4 12. Bxg7 Kxg7 13. Bxg4 Bxg4 14. f3 Bf5 15. Ne2 e5 16. Ng3 Bd7 17.
Rg1 Kh8 18. Qd2 Rae8 19. Kf2 Qd8 20. Nxh5 gxh5 21. Rg5 f6 22. Rxh5+ Kg7 23. Rg1+ Kf7 24. Qd3 Rg8 25. dxe5 Rxg1 26. Kxg1 Rxe5 27. Kf2 Rxh5 0-1

[Event "*** Titled Tuesday Blitz"]
[Site "Chess.com"]
[Date "2020.04.14"]
[Round "5"]
[White "AsaHoffmann"]
[Black "Borsuk_Konstantin"]
[Result "0-1"]
[WhiteElo "2309"]
[BlackElo "2485"]
[TimeControl "180+1"]
[EndTime "10:50:31 PDT"]
[Termination "Borsuk_Konstantin won by resignation"]

1. d4 Nf6 2. Bg5 e6 3. Nd2 h6 4. Bh4 c5 5. e3 cxd4 6. exd4 Nc6 7. c3 Be7 8. Bd3 O-O 9. Ngf3 d6 10. Qe2 Nh5 11. Bxe7 Qxe7 12. g3 Nf6 13. O-O b6 14. Rfe1 Bb7 15. Ne4 Nb8 16. Nxf6+ Qxf6 17. Be4 Bxe4 18. Qxe4 d5 19. Qe3 Nc6 20. Ne5 Nxe5 21. Qxe5 Qxe5 22. Rxe5 b5 23. a3 a5 24. f4 b4 25.
axb4 axb4 26. Rxa8 Rxa8 27. cxb4 Rb8 28. f5 Rxb4 29.
fxe6 fxe6 30. Rxe6 Rxd4 31. Rd6 Kf7 32. b4 Ke7 33. Rg6 Rxb4 34. Rxg7+ Kf6 35. Rh7 Rb2 36.
Rxh6+ Ke5 37. h4 d4 38. Rh8 d3 39. Re8+ Kd4 40. Rd8+ Ke3 41. Re8+ Kf3 42. Rd8 d2 43. g4 Rb1+ 44. Kh2 d1=Q 45. Rxd1 Rxd1 46. g5 Kg4 0-1

[Event "*** Titled Tuesday Blitz"]
[Site "Chess.com"]
[Date "2020.04.14"]
[Round "5"]
[White "kleinebeer98"]
[Black "GamayevOleg"]
[Result "1-0"]
[WhiteElo "2711"]
[BlackElo "2525"]
[TimeControl "180+1"]
[EndTime "10:50:32 PDT"]
[Termination "kleinebeer98 won by resignation"]

1. e4 d6 2. d4 Nf6 3. Nc3 e5 4. Nf3 exd4 5. Nxd4 Be7 6. g3 O-O 7. Bg2 c6 8. O-O Re8 9. b3 Bf8 10. Bb2 a5 11. Kh1 Na6 12. Qd2 Nc5 13. Rae1 Bd7 14. f4 Qc8 15. e5 dxe5 16. fxe5 Ng4 17. Qf4 Nh6 18. Bc1 Ne6 19. Qf2 Nxd4 20. Bxh6 gxh6 21. Qxd4 Bf5 22. Qf4 Bg6 23. Ne4 Kh8 24. Nd6 Bxd6 25.
exd6 Qd7 26. c4 c5 27. Re5 Rad8 28. Rfe1 Rxe5 29. Qxe5+ Kg8 30. Qf6 b6 31. h4 h5 32.
Kh2 Re8 33. Re7 Qd8 34. Bc6 Rf8 35. Qe5 f6 36. Qe6+ Kh8 37. Be4 f5 38. Qe5+ Kg8 39. Bd5+ Bf7 40. Bxf7+ Rxf7 41. Re8+ Rf8 42. Rxd8 Rxd8 43.
Qe6+ 1-0

[Event "*** Titled Tuesday Blitz"]
[Site "Chess.com"]
[Date "2020.04.14"]
[Round "5"]
[White "PowerThinking2650"]
[Black "Sashadav97"]
[Result "0-1"]
[WhiteElo "2212"]
[BlackElo "2602"]
[TimeControl "180+1"]
[EndTime "10:50:32 PDT"]
[Termination "Sashadav97 won on time"]

1. e4 c5 2. Nf3 Nc6 3. d4 cxd4 4. Nxd4 Nf6 5. Nc3 d6 6. Bc4 e6 7. Be3 a6 8. Qe2 Be7 9. O-O-O Nxd4 10. Bxd4 b5 11.
Bb3 Bb7 12. f4 O-O 13. f5 b4 14. Na4 e5 15. Bxe5 Nxe4 16. Bf4 Bf6 17. Bd5 Bxd5 18.
Rxd5 Re8 19. Re1 Qd7 20. Nb6 Qc6 21. Nxa8 Qxd5 22. Nc7 Qxa2 23. Qxe4 Qxb2+ 24. Kd1 Qb1+ 25. Bc1 Rxe4 26. Rxe4 h5 27. Re8+ Kh7 0-1

[Event "*** Titled Tuesday Blitz"]
[Site "Chess.com"]
[Date "2020.04.14"]
[Round "5"]
[White "allvim"]
[Black "almatyonelove"]
[Result "1-0"]
[WhiteElo "2283"]
[BlackElo "2657"]
[TimeControl "180+1"]
[EndTime "10:50:32 PDT"]
[Termination "allvim won by resignation"]

1. e4 e5 2. Nf3 Nc6 3. Bc4 Bc5 4.
O-O Nf6 5. d4 exd4 6. e5 d5 7.
exf6 dxc4 8. Re1+ Be6 9. Ng5 Qd5 10. Nc3 Qf5 11. Nce4 O-O-O 12. g4 Qxg4+ 13. Qxg4 Bxg4 14.
Nxf7 Bb4 15. Nxh8 Rxh8 16. c3 dxc3 17. bxc3 Bf8 18. Bf4 Bf5 19. Ng3 Bg6 20. Bg5 gxf6 21. Bxf6 Rg8 22. h4 Bd6 23. Re3 Bd3 24. Rae1 b5 25.
Re8+ Rxe8 26. Rxe8+ Kb7 27. Ne4 a5 28. Nxd6+ cxd6 29. f4 b4 30. cxb4 axb4 31. Kf2 c3 32. Ke3 Bf5 33. Rf8 Bb1 34. Rg8 Kb6 35. Rg2 Kc5 36.
Bh8 d5 37. f5 d4+ 38. Kf4 d3 39. f6 d2 40. f7 d1=Q 41. f8=Q+ Kb5 42. Rg5+ Kc4 43. Qg8+ Kd3 44. Rd5+ Kc2 45. Rxd1 Kxd1 46.
Qd5+ Kc1 47. Qxc6 Bxa2 48. Bxc3 bxc3 49. Qxc3+ Kd1 50. Qg3 Bb1 51. Ke3 1-0

[Event "*** Titled Tuesday Blitz"]
[Site "Chess.com"]
[Date "2020.04.14"]
[Round "5"]
[White "Stewie_89"]
[Black "VolodymyrMolyboha"]
[Result "1-0"]
[WhiteElo "2621"]
[BlackElo "2418"]
[TimeControl "180+1"]
[EndTime "10:50:33 PDT"]
[Termination "Stewie_89 won by resignation"]

1. e4 g6 2. Nc3 Bg7 3. f4 c6 4.
Nf3 d5 5. e5 Bg4 6. h3 Bxf3 7.
Qxf3 e6 8. d4 h5 9. Bd3 h4 10. Bd2 Ne7 11. Ne2 Qb6 12. O-O-O c5 13.
dxc5 Qxc5 14. Be3 Qa5 15. Kb1 Nbc6 16. Nd4 Nxd4 17. Bxd4 Nc6 18. Bc3 Qb6 19. b3 Bf8 20. Qg4 O-O-O 21. Qf3 Be7 22. Rhe1 Kb8 23. Bb2 a6 24. c4 Bb4 25. Rf1 dxc4 26. Bxc4 Nd4 27. Bxd4 Rxd4 28. Rxd4 Qxd4 29. Rd1 Qc3 30. Qxc3 Bxc3 31.
Rd7 Rf8 32. Kc2 Kc8 33. Rxf7 Rxf7 34. Bxe6+ Kc7 35. Bxf7 Be1 36. Kd3 Bg3 37. Ke4 g5 38. fxg5 Kd7 39. g6 Ke7 40. Bd5 Kf8 41. Bxb7 a5 42.
Bd5 Kg7 43. Bf7 Be1 44. e6 Kf6 45. Kd5 Bb4 46. Kc6 Bc3 47. Kb5 Be1 48. a3 Bd2 49. b4 axb4 50. axb4 Bc3 51. Kc5 Be1 52. b5 Bc3 53. Kc6 1-0

[Event "*** Titled Tuesday Blitz"]
[Site "Chess.com"]
[Date "2020.04.14"]
[Round "5"]
[White "SketchyMoves"]
[Black "Guachiney"]
[Result "0-1"]
[WhiteElo "2649"]
[BlackElo "2837"]
[TimeControl "180+1"]
[EndTime "10:50:34 PDT"]
[Termination "Guachiney won by checkmate"]

1. e4 c5 2. Nc3 Nc6 3. Bb5 Nd4 4.
Nf3 a6 5. Bd3 Nc6 6. Be2 g6 7.
d4 cxd4 8. Nxd4 Bg7 9. Be3 Nf6 10. f3 d5 11. exd5 Nxd5 12. Nxc6 bxc6 13. Nxd5 cxd5 14. Bd4 Qa5+ 15. c3 e5 16. b4 Qa3 17. Bc5 Qxc3+ 18. Kf1 d4 19. Rc1 Qa3 20. b5 Qa5 21. b6 Bb7 22. Qb3 Rc8 23. Ba3 Rxc1+ 24. Bxc1 O-O 25.
Kf2 e4 26. fxe4 Bxe4 27. Bf4 Qf5 28. Kg3 g5 29. Bd6 Be5+ 30. Bxe5 Qxe5+ 31. Kf2 d3 32. Bxd3 Qd4+ 33. Ke2 Bxd3+ 34. Qxd3 Re8+ 35. Kd2 Qb2+ 36. Kd1 Qa1+ 37. Kc2 Qxh1 38. Qd5 h6 39. Qc6 Qe1 40. b7 Re2+ 41. Kb3 Qb1+ 42. Ka3 Rxa2# 0-1

[Event "*** Titled Tuesday Blitz"]
[Site "Chess.com"]
[Date "2020.04.14"]
[Round "5"]
[White "politeplayer"]
[Black "grunbergmihai"]
[Result "1-0"]
[WhiteElo "2198"]
[BlackElo "2339"]
[TimeControl "180+1"]
[EndTime "10:50:34 PDT"]
[Termination "politeplayer won by resignation"]

1. d4 Nf6 2. Nf3 e6 3. e3 b6 4.
Bd3 Bb7 5. O-O c5 6. c3 d6 7.
Nbd2 Nbd7 8. Re1 Be7 9. e4 O-O 10. e5 dxe5 11. dxe5 Nd5 12. Ne4 Re8 13. Bg5 Nf8 14. Nd6 Bxg5 15. Nxe8 Be7 16. Nd6 Bxd6 17. exd6 Qxd6 18. c4 Rd8 19. cxd5 Bxd5 20. Be2 Ng6 21. Qc2 Nf4 22. Rad1 h6 23. Bc4 Qc6 24. Ne5 Qc7 25.
Bxd5 Nxd5 26. Nc4 Qe7 27. Ne3 Qg5 28. Nxd5 exd5 29. Qd2 Qf6 30. b3 d4 31. Qd3 g6 32.
Re4 Kg7 33. Rde1 Rd5 34. g3 h5 35. Rf4 Qd6 36. Qf3 Qd7 37. Qd3 b5 38. Rfe4 Qc6 39.
Re5 c4 40. bxc4 bxc4 41. Qe4 Rxe5 42. Qxe5+ Qf6 43. Qxf6+ Kxf6 44. Re4 d3 45. Rxc4 Ke5 46.
Kf1 1-0

[Event "*** Titled Tuesday Blitz"]
[Site "Chess.com"]
[Date "2020.04.14"]
[Round "5"]
[White "GeorgMeier"]
[Black "Sven_Tica"]
[Result "1-0"]
[WhiteElo "3046"]
[BlackElo "2667"]
[TimeControl "180+1"]
[EndTime "10:50:35 PDT"]
[Termination "GeorgMeier won by resignation"]

1. Nf3 d5 2. g3 e6 3. Bg2 Nf6 4.
O-O Be7 5. c4 O-O 6. d4 c6 7.
Qc2 b6 8. Nbd2 Bb7 9. e4 Na6 10. a3 c5 11. exd5 exd5 12. dxc5 Nxc5 13. b4 Ne6 14. Bb2 Rc8 15. Rfd1 a5 16. b5 Qc7 17.
Be5 Qc5 18. Ne1 Ng4 19. Nd3 Qxb5 20. Rab1 Qa6 21. Ba1 dxc4 22. Ne1 Bxg2 23. Nxg2 b5 24. Qf5 Nf6 25. Qxb5 Qxb5 26. Rxb5 c3 27. Nb3 c2 28. Re1 Bxa3 29. Nc1 Rfd8 30. Ne3 Bb4 31. Rf1 Ne4 32. Kg2 Nd2 33. Rh1 h6 34. Ne2 Nb3 35. Bb2 Nbd4 36. Nxd4 Nxd4 37. Rb7 Ne2 38. Bc1 1-0

[Event "*** Titled Tuesday Blitz"]
[Site "Chess.com"]
[Date "2020.04.14"]
[Round "5"]
[White "bait_or_mate"]
[Black "KarpovVadim"]
[Result "0-1"]
[WhiteElo "2567"]
[BlackElo "2406"]
[TimeControl "180+1"]
[EndTime "10:50:35 PDT"]
[Termination "KarpovVadim won by resignation"]

1. d4 Nf6 2. c4 e6 3. Nf3 d5 4. g3 Be7 5. Bg2 O-O 6. O-O dxc4 7. Ne5 c5 8. dxc5 Qc7 9. Nxc4 Qxc5 10. b3 Qc7 11. Bf4 Qd8 12. Qc2 Nc6 13. Rd1 Bd7 14. Nc3 Rc8 15. Qb2 Nh5 16. Be3 Nf6 17. Nb5 Nd5 18.
Bxd5 exd5 19. Rxd5 Bf6 20. Qd2 Bxa1 21. Rxd7 Qf6 22.
Bg5 Qg6 23. Rxb7 h6 24. Bf4 Rcd8 25. Nbd6 Nd4 26. Qe3 Ne6 27. Rxa7 Bd4 28. Qf3 Bxa7 29. Be5 Ng5 30. Qc6 Nh3+ 31. Kg2 Nxf2 32. b4 Ng4 33. b5 Nxe5 34. Nxe5 Qxd6 35. Qxd6 0-1

[Event "*** Titled Tuesday Blitz"]
[Site "Chess.com"]
[Date "2020.04.14"]
[Round "5"]
[White "Chessmasterzt"]
[Black "GuerrieroFromLevant"]
[Result "1-0"]
[WhiteElo "2529"]
[BlackElo "2347"]
[TimeControl "180+1"]
[EndTime "10:50:35 PDT"]
[Termination "Chessmasterzt won by resignation"]

1. d4 d5 2. Nf3 c5 3. c4 e6 4. cxd5 exd5 5. g3 Nf6 6. Bg2 Nc6 7. O-O Be7 8. Nc3 O-O 9. dxc5 Bxc5 10. Na4 Be7 11.
Be3 Bg4 12. Rc1 Qd7 13. Bc5 Rfe8 14. Re1 Rad8 15. Nd4 Ne5 16. Bxe7 Qxe7 17. h3 Bh5 18. Nc5 Bg6 19. Qa4 b6 20. Ncb3 Be4 21. Nc6 Qd7 22.
Nbd4 Rc8 23. Qxa7 Qxa7 24. Nxa7 Ra8 25. Ndb5 h6 26. a4 Re7 27. Nc8 Re6 28. Nca7 Re7 29. Rc8+ Rxc8 30. Nxc8 Re6 31. Rc1 Nc4 32. b3 Na5 33. Nc7 Nxb3 34. Rc3 Nd4 35. Bf1 Rc6 36. Ne7+ 1-0

[Event "*** Titled Tuesday Blitz"]
[Site "Chess.com"]
[Date "2020.04.14"]
[Round "5"]
[White "Irishchessman16"]
[Black "MalcolmPein"]
[Result "1-0"]
[WhiteElo "2361"]
[BlackElo "2180"]
[TimeControl "180+1"]
[EndTime "10:50:35 PDT"]
[Termination "Irishchessman16 won by checkmate"]

1. d4 Nf6 2. Nf3 c5 3. d5 g6 4. Nc3 d6 5. e4 Bg7 6. Bb5+ Bd7 7.
a4 O-O 8. O-O Na6 9. Nd2 Nc7 10.
Bd3 a6 11. a5 Nb5 12. Nc4 Nxc3 13. bxc3 Bb5 14. Nb6 Rb8 15. Rb1 Qc7 16. Qe2 Bxd3 17. cxd3 Nd7 18. Bd2 e6 19. dxe6 fxe6 20. f4 Rbe8 21. Rb3 d5 22. Rfb1 c4 23. dxc4 Nc5 24. cxd5 Nxb3 25. Rxb3 exd5 26. Nxd5 Qc5+ 27. Be3 Qxa5 28.
Qc4 Kh8 29. Rxb7 Qa1+ 30. Kf2 Rb8 31. Rxb8 Rxb8 32. Bd4 Rb2+ 33. Kg3 Qe1+ 34. Kh3 Qe2 35. Qc8# 1-0

[Event "*** Titled Tuesday Blitz"]
[Site "Chess.com"]
[Date "2020.04.14"]
[Round "5"]
[White "Korchmar_Vasiliy"]
[Black "Blitzstream"]
[Result "1-0"]
[WhiteElo "2538"]
[BlackElo "2690"]
[TimeControl "180+1"]
[EndTime "10:50:36 PDT"]
[Termination "Korchmar_Vasiliy won by checkmate"]

1. d4 g6 2. e4 Bg7 3. Nc3 d6 4. f4 e6 5. Nf3 Ne7 6. Be3 b6 7.
Qd2 Nd7 8. O-O-O Bb7 9. Kb1 a6 10. Bd3 b5 11. g4 c5 12. a3 Qa5 13. f5 gxf5 14. gxf5 Nxf5 15. exf5 Bxf3 16. fxe6 fxe6 17. Rhg1 cxd4 18. Rxg7 dxc3 19. Qf2 Rf8 20. Qh4 Nf6 21. Bg6+ hxg6 22. Rxd6 Bd5 23. Qg5 Be4 24. Rxe6+ Kd8 25. Bb6+ Qxb6 26. Rxb6 cxb2 27. Rxf6 Re8 28. Qd2+ Kc8 29.
Qd7+ Kb8 30. Qc7# 1-0

[Event "*** Titled Tuesday Blitz"]
[Site "Chess.com"]
[Date "2020.04.14"]
[Round "5"]
[White "mrsavic77"]
[Black "LiemLe"]
[Result "0-1"]
[WhiteElo "2770"]
[BlackElo "3008"]
[TimeControl "180+1"]
[EndTime "10:50:38 PDT"]
[Termination "LiemLe won on time"]

1. e4 c6 2. d4 d5 3. e5 Bf5 4. Nf3 e6 5. Be2 c5 6. O-O Nc6 7. c3 Rc8 8. a3 a6 9. b4 cxd4 10.
cxd4 Nge7 11. Bb2 Ng6 12. Qd2 Be7 13. Nc3 O-O 14. Rac1 f6 15. Na4 fxe5 16. dxe5 Bg4 17. Nc5 Nf4 18. Bd1 Bxc5 19. Rxc5 Qe7 20. Nd4 Qg5 21.
Bxg4 Nxd4 22. Rxc8 Rxc8 23. Bxd4 Qxg4 0-1

[Event "*** Titled Tuesday Blitz"]
[Site "Chess.com"]
[Date "2020.04.14"]
[Round "5"]
[White "RestartingChess"]
[Black "Harut-1998"]
[Result "0-1"]
[WhiteElo "2391"]
[BlackElo "2583"]
[TimeControl "180+1"]
[EndTime "10:50:38 PDT"]
[Termination "Harut-1998 won by checkmate"]

1. e4 e5 2. Nf3 Nc6 3. Bc4 Bc5 4. O-O Nf6 5. d3 O-O 6. c3 d5 7. exd5 Nxd5 8. Nbd2 Nb6 9. b4 Bd6 10. Re1 Bf5 11. Qb3 Nxc4 12. dxc4 Be6 13. Ne4 b5 14. Nfg5 Bxc4 15. Qc2 f5 16. Nd2 Bd5 17. Qd3 Be7 18.
Nh3 a6 19. Bb2 Bxg2 20. Qxd8 Raxd8 21. Kxg2 Rxd2 22. Bc1 Rc2 23. Bg5 Bxg5 24. Nxg5 Rxc3 25. Ne6 Rf6 26. Nxc7 Nxb4 27. Rad1 Rxc7 28. a3 Nc6 29.
Rc1 e4 30. f3 exf3+ 31. Kxf3 Kf7 32. Kf4 g6 33. Kf3 Re6 34. Red1 Ne5+ 35. Kf4 Rxc1 36. Rxc1 Nd3+ 37. Kg5 Nxc1 38. Kh6 f4 39. h4 Re3 40. h5 gxh5 41. a4 Rg3 42. a5 f3 43. Kxh5 Rg1 44.
Kh4 Nb3 45. Kh3 f2 46. Kh2 Nxa5 47. Kh3 f1=Q+ 48. Kh4 Qf4+ 49. Kh5 Qf5+ 50. Kh6 Qg6# 0-1

[Event "*** Titled Tuesday Blitz"]
[Site "Chess.com"]
[Date "2020.04.14"]
[Round "5"]
[White "Luibov_AN"]
[Black "esskeettit"]
[Result "1-0"]
[WhiteElo "2186"]
[BlackElo "2327"]
[TimeControl "180+1"]
[EndTime "10:50:38 PDT"]
[Termination "Luibov_AN won by checkmate"]

1. d4 Nf6 2. Nf3 e6 3. c4 d5 4. Nc3 Be7 5. e3 O-O 6. cxd5 exd5 7. Bd3 c6 8. h3 Re8 9. O-O Nbd7 10. Ne5 Nf8 11.
f4 Ne6 12. a3 c5 13. Bc2 cxd4 14. exd4 Qb6 15. Ne2 Ne4 16. Kh2 f6 17. Nf3 Bd6 18.
g3 Bd7 19. a4 Rac8 20. Qd3 Nf8 21. Bb3 Be6 22. f5 Bxf5 23. Bxd5+ Kh8 24. Qd1 Qc7 25.
Nf4 g5 26. Ne2 Nxg3 27. Nxg3 Bxg3+ 28. Kg2 Bd6 29. Nxg5 fxg5 30. Rxf5 Ng6 31. Bxg5 Qc2+ 32. Rf2 Qxd1 33. Bf6# 1-0

[Event "*** Titled Tuesday Blitz"]
[Site "Chess.com"]
[Date "2020.04.14"]
[Round "5"]
[White "mortngabriel"]
[Black "konradrutkowski"]
[Result "1-0"]
[WhiteElo "2382"]
[BlackElo "2203"]
[TimeControl "180+1"]
[EndTime "10:50:39 PDT"]
[Termination "mortngabriel won by checkmate"]

1. d4 Nf6 2. c4 g6 3. Nc3 Bg7 4. e4 O-O 5. Be2 d6 6. Be3 a6 7. g4 b5 8. g5 Nfd7 9. cxb5 axb5 10. Bxb5 c5 11. Nf3 Ba6 12. Bxa6 Nxa6 13. O-O Qa5 14. Qd2 Rfb8 15. b3 cxd4 16. Bxd4 Rc8 17. Bxg7 Kxg7 18. Rac1 Nb4 19. a3 Qxa3 20. Ra1 Qxb3 21.
Rxa8 Rxa8 22. Qd4+ Kg8 23. Rb1 Qc2 24. Qxb4 Rc8 25.
Nd5 Kf8 26. Qb2 Qxe4 27. Qh8# 1-0